 Dungeon Crawl Stone Soup version 0.27-a0-1301-g128193abf8 (webtiles) character file.

Game seed: 4503643468890523227

52 bilbop the Skirmisher (level 3, 0/33 HPs)
             Began as a Hill Orc Fighter on June 17, 2021.
             Slain by Sigmund (6 damage)
             ... on level 3 of the Dungeon on June 18, 2021.
             The game lasted 00:05:38 (1478 turns).

bilbop the Skirmisher (Hill Orc Fighter)            Turns: 1478, Time: 00:05:38

Health: 0/33       AC:  8    Str: 18    XL:     3   Next: 85%
Magic:  4/4        EV:  7    Int:  8    God:
Gold:   19         SH:  9    Dex: 11    Spells: 2/2 levels left

rFire    . . .     SeeInvis .   a - +0 war axe
rCold    . . .     Faith    .   c - +0 kite shield
rNeg     . . .     Spirit   .   b - +0 scale mail
rPois    .         Reflect  .   (no helmet)
rElec    .         Harm     .   (no cloak)
rCorr    .         Rampage  .   (no gloves)
Will     .....                  i - +0 pair of boots
Stlth    ..........             (no amulet)
HPRegen  0.11/turn              (no ring)
MPRegen  0.09/turn              (no ring)

@: no status effects
A: no striking features
a: no special abilities


You were on level 3 of the Dungeon.
You visited 1 branch of the dungeon, and saw 3 of its levels.

You collected 19 gold pieces.

Inventory:

Hand Weapons
 a - a +0 war axe (weapon)
Missiles
 e - 6 atropa-tipped darts (quivered)
 h - 21 sling bullets
Armour
 b - a +0 scale mail (worn)
 c - a +0 kite shield (worn)
 i - a +0 pair of boots (worn)
Scrolls
 g - a scroll of identify {unknown}
 j - 2 scrolls of teleportation {unknown}
Potions
 d - 3 potions of might
 f - 3 potions of curing {unknown}


   Skills:
 + Level 4.1 Fighting
 + Level 3.3 Axes
 + Level 3.6 Armour
 + Level 3.7 Shields
 + Level 1.7 Invocations


You had 2 spell levels left.
You didn't know any spells.
Your spell library contained the following spells:

 Spells                   Type           Power      Damage    Failure   Level
 Magic Dart               Conj           0%         1d3       99%         1
 Searing Ray              Conj           0%         3d3       100%        2
 Dazzling Flash           Conj/Hex       0%         N/A       100%        3
 Fulminant Prism          Conj/Hex       0%         3d6       100%        4
 Iskenderun's Mystic Bla  Conj/Tloc      0%         2d3       100%        4


Dungeon Overview and Level Annotations

Branches:
Dungeon (3/15)

Altars:

Annotations:
D:3 Sigmund


Message History

You hit the hobgoblin.
The hobgoblin is moderately wounded.
The hobgoblin hits you.
The hobgoblin hits you but does no damage.
You closely miss the hobgoblin.
The hobgoblin is moderately wounded.
You block the hobgoblin's attack.
You closely miss the hobgoblin.
The hobgoblin is moderately wounded.
You block the hobgoblin's attack.
The hobgoblin hits you but does no damage.
You slash the hobgoblin!
You kill the hobgoblin!
No target in view!
No target in view!
No target in view!
No target in view!
No target in view!
HP restored.
Sigmund the Dreaded comes into view.
He is wielding a +0 scythe.
Sigmund shouts!
You hear an angry hiss.
Found a stone staircase leading down.
Sigmund breathes a few words.
Sigmund's hands start flickering wildly.
Sigmund points at you and mumbles some strange words.
The puff of flame hits you.
You hear the slow rusting of a drain very nearby.
You closely miss Sigmund. Sigmund barely misses you.
Sigmund closely misses you.
You closely miss Sigmund. Sigmund hits you with a +0 scythe!
You hit Sigmund.
Sigmund is lightly wounded.
Sigmund casts a spell.
Sigmund flickers and vanishes!
Deactivating autopickup; reactivate with Ctrl-A.
Something hits you.
You miss something. Something hits you!
* * * LOW HITPOINT WARNING * * *
Something hits you.
You die...

## .. # ..#.#+#.. #.
#.#.#.#.# #..#.#.#.#.#
#..#.#.#.#.#
#$...#.#.#.#########
#....#.#.#.#.#.....#
#....@.#.#.#.##.##.#
#.####{#.#.#.##.##.##
>...................<#
.#..@###..#....###.###
.... .....#............
.#........#............
#........#########.##.
.#.#..... .. ...#...#..
...


There were no monsters in sight!

Vanquished Creatures
  An adder (D:2)
  2 dart slugs (D:2)
  5 ball pythons
  2 endoplasms (D:2)
  4 giant cockroaches
  6 goblins
  A hobgoblin (D:3)
  5 kobolds
  A quokka (D:2)
  4 bats
  2 frilled lizards (D:1)
  5 rats
38 creatures vanquished.

Notes
Turn   | Place    | Note
-------+----------+-------------------------------------------
     0 | D:1      | bilbop the Hill Orc Fighter began the quest for the Orb.
     0 | D:1      | Reached XP level 1. HP: 19/19 MP: 1/1
   202 | D:1      | Reached XP level 2. HP: 27/27 MP: 2/2
   376 | D:1      | Reached skill level 1 in Invocations
   764 | D:2      | Reached XP level 3. HP: 33/33 MP: 2/4
   854 | D:2      | Reached skill level 4 in Fighting
   994 | D:2      | Found a faded altar of an unknown god.
  1470 | D:3      | Noticed Sigmund
  1478 | D:3      | Slain by Sigmund

Illustrated notes

Levels and vault maps discovered:
D:1:      lightli_arrival_noodles, layout_basic, corexii_hall_statues_i
D:2:      layout_loops_ring, ebering_ecumenical_altar_webs,
          kennysheep_decorative_pillar
D:3:      layout_basic, portal_sewer_entry_d, uniq_sigmund

Skill      XL: |  1  2  3 |
---------------+----------+-----
Axes           | 3 |  3.3
Invocations    | 1 |  1.7
Fighting       | 4 |  4.1
Armour         | |  3.6
Shields        | |  3.7

Action                   || total
-------------------------++-------
Melee: War axe           ||   108
Armor: Scale mail        ||    52
Dodge: Dodged            ||    38
Block: Kite shield       ||    56

Table legend: (Time is in decaauts)
 A = Elapsed time spent in this place.
 B = Non-inter-level travel time spent in this place.
 C = Inter-level travel time spent in this place.
 D = Time resting spent in this place.
 E = Time spent auto-exploring this place.
 F = Levels seen in this place.
 G = Mean time per level.
                   A        B        C        D        E       F      G
               +--------+--------+--------+--------+--------+-----+--------+
         Total |   1539 |   1483 |     56 |      0 |   1209 |   3 |  513.0 |
       Dungeon |   1539 |   1483 |     56 |      0 |   1209 |   3 |  513.0 |
               +--------+--------+--------+--------+--------+-----+--------+

Top non-repeatable levels by time:
     D:2: 787 daAuts
     D:1: 695 daAuts
     D:3: 56 daAuts
